 Dungeon Crawl Stone Soup version 0.17-a0-1887-g3e50df6 (webtiles) character file.

4144 kae the Markself (level 10, -6/60 HPs)
             Began as a High Elf Hunter on Sept 23, 2015.
             Was an Elder of Okawaru.
             Shot with a sling bullet by Joseph (16 damage)
             ... on level 8 of the Dungeon.
             The game lasted 00:18:42 (10464 turns).

kae the Markself (High Elf Hunter)                 Turns: 10464, Time: 00:18:42

Health: -6/60      AC:  4    Str: 11    XL:     10   Next: 7%
Magic:  11/11      EV:  7    Int: 17    God:    Okawaru [****..]
Gold:   427        SH:  0    Dex: 18    Spells: 0 memorised, 9 levels left

rFire  . . .     SeeInvis .     a - +3 shortbow
rCold  . . .     Clarity  +     d - +1 leather armour
rNeg   . . .     SustAt   .     (no shield)
rPois  .         Gourm    .     (no helmet)
rElec  .         Spirit   .     (no cloak)
rCorr  .         Warding  .     (no gloves)
rMut   .         Stasis   .     (no boots)
MR     +....                    u - amulet of clarity
Stlth  ++........               (no ring)
                                q - ring of wizardry

@: somewhat resistant to hostile enchantments, unstealthy
A: no striking features
a: Heroism, Renounce Religion


You were on level 8 of the Dungeon.
You worshipped Okawaru.
Okawaru was greatly pleased with you.
You were very hungry.

You visited 1 branch of the dungeon, and saw 8 of its levels.

You collected 427 gold pieces.

Inventory:

Hand weapons
 a - a +3 shortbow (weapon)
 b - a +0 short sword
Missiles
 c - 50 arrows
 t - 20 poisoned arrows
 v - 4 arrows of frost (quivered)
Armour
 d - a +1 leather armour (worn)
Jewellery
 q - a ring of wizardry (left hand)
 u - an amulet of clarity (around neck)
Magical devices
 m - a wand of polymorph (5)
 x - a wand of polymorph (16)
 B - a wand of lightning (7)
 C - a wand of frost (11)
 D - a wand of polymorph (14)
Scrolls
 p - a scroll of enchant weapon
 s - a scroll of teleportation
 w - a scroll of blinking {unknown}
 y - 3 scrolls of amnesia
Potions
 e - a potion of cancellation
 f - 2 potions of resistance {unknown}
 h - 3 potions of flight
 i - a potion of magic {unknown}
 l - a potion of heal wounds
 n - a potion of brilliance {unknown}
 o - a potion of might {unknown}
 r - a potion of invisibility
Comestibles
 g - a royal jelly
 j - 2 beef jerkies
 k - 7 fruits
 z - 3 bread rations
 A - 2 meat rations


   Skills:
 - Level 2.0 Fighting
 + Level 18.0 Bows
 - Level 2.1 Dodging
 - Level 1.1 Stealth


You had 9 spell levels left.
You didn't know any spells.

Dungeon Overview and Level Annotations

Branches:
Dungeon (8/15)             Temple (0/1) D:7
   Lair: D:8-11

Altars:
Ashenzari
Fedhas
Gozag
Okawaru
Yredelemnul

Shops:
D:7 (

Annotations:
D:3 Sigmund
D:8 Joseph


Message History

The arrow of frost freezes Joseph.
Joseph is heavily wounded.
Joseph shoots a sling bullet.
The sling bullet hits you!
Firing (i - inventory. (,) - cycle):
v - 6 arrows of frost (quivered)
Press: ? - help, Shift-Dir - straight line, f/p - Joseph
Aim: Joseph, wielding a hunting sling and wearing a glowing leather armour (heavily wounded, poisoned)
You shoot an arrow of frost.
The arrow of frost hits Joseph but does no damage.
The arrow of frost freezes Joseph.
Joseph is heavily wounded.
Firing (i - inventory. (,) - cycle):
v - 5 arrows of frost (quivered)
Press: ? - help, Shift-Dir - straight line, f/p - Joseph
Aim: Joseph, wielding a hunting sling and wearing a glowing leather armour (heavily wounded, poisoned)
You shoot an arrow of frost. The arrow of frost hits Joseph.
The arrow of frost freezes Joseph.
Joseph is severely wounded.
Joseph shoots a sling bullet.
The sling bullet hits you!
* * * LOW HITPOINT WARNING * * *
Joseph shoots a sling bullet.
The sling bullet hits you!
You die...

,,,,,,*****,,***,,**,,≈≈,≈≈,,*,,,
*****,,,,,,,,,,,,**##.[≈≈≈,,*,,**
*****,,,***#####...≈_≈≈,,,**
***,,,*** #..>...≈≈≈≈,,,**
*,,,*#####*#.#.....,≈,,***
*,***#....##.#.##.###.#* *,*
#@......#.##....,* *<*
#............##*** **,*
*.,>,*#@......########## **,,*
*....##...##............ **,,**
**#......###.########### *,,**
#..##.### #.# ## *,** #.###.#
**#.# ##. *,* ##.##..###,..# #..
#.#######..##....,,### ####.#
#......##.##...#**** #.)..#
*####.....##...######### #.####


You could see Joseph.

Vanquished Creatures
  5 yaks (D:7)
  A hungry ghost (D:7)
  A water moccasin (D:7)
  2 sky beasts
  An orc warrior (D:6)
  3 phantoms
  5 ogres
  2 centaurs
  An ice beast (D:5)
  3 giant frogs
  5 scorpions
  6 wights (D:7)
  6 crimson imps
  4 hounds
  A giant frog zombie (D:7)
  3 orc priests
  Ijyb (D:3)
  2 giant frog skeletons
  A jelly (D:6)
  6 orc wizards
  7 worker ants
  2 worker ant zombies
  Robin (D:3)
  3 gnolls
  4 river rats
  13 adders
  2 shadow imps
  3 oozes
  2 adder skeletons
  4 worms
  4 giant geckos
  12 orcs
  A ball python (D:2)
  2 bats
  14 goblins
  12 hobgoblins
  2 jackals (D:6)
  6 kobolds
  2 quokkas
  5 giant cockroaches
  A giant gecko skeleton (D:5)
  4 giant newts
  A jackal skeleton (D:4)
  A quokka skeleton (D:7)
  11 rats
  A spectral orc (D:6)
179 creatures vanquished.

Notes
Turn   | Place    | Note
--------------------------------------------------------------
     0 | D:1      | kae the High Elf Hunter began the quest for the Orb.
     0 | D:1      | Reached XP level 1. HP: 14/14 MP: 2/2
   339 | D:1      | Reached XP level 2. HP: 19/19 MP: 3/3
   376 | D:1      | Reached skill level 6 in Bows
  1403 | D:2      | Reached XP level 3. HP: 24/24 MP: 4/4
  1426 | D:2      | Found a faded altar to an unknown god.
  1792 | D:2      | Reached skill level 7 in Bows
  1894 | D:2      | Reached XP level 4. HP: 29/29 MP: 5/5
  2200 | D:3      | Noticed Sigmund
  2376 | D:3      | Noticed Ijyb
  2395 | D:3      | Killed Ijyb
  2395 | D:3      | Reached skill level 8 in Bows
  2485 | D:3      | Found an iron altar of Okawaru.
  2494 | D:3      | Became a worshipper of Warmaster Okawaru
  2695 | D:3      | Found a glowing drain.
  2699 | D:3      | Reached XP level 5. HP: 32/34 MP: 6/6
  2722 | D:3      | HP: 1/34 [river rat (9)]
  3266 | D:3      | Reached skill level 9 in Bows
  3735 | D:3      | Noticed Robin
  3737 | D:3      | Killed Robin
  3997 | D:3      | Reached XP level 6. HP: 4/39 MP: 7/7
  4515 | D:4      | Reached skill level 10 in Bows
  4663 | D:4      | Acquired Okawaru's first power
  4885 | D:4      | Noticed an ogre
  4893 | D:4      | Killed an ogre
  4929 | D:4      | Reached XP level 7. HP: 43/45 MP: 8/8
  5020 | D:5      | Entered Level 5 of the Dungeon
  5073 | D:5      | Reached skill level 11 in Bows
  5565 | D:5      | Reached skill level 12 in Bows
  5645 | D:5      | Reached XP level 8. HP: 47/50 MP: 9/9
  5852 | D:5      | Reached skill level 13 in Bows
  6657 | D:6      | Reached skill level 14 in Bows
  7384 | D:6      | Found a basalt altar of Yredelemnul.
  7454 | D:6      | Reached skill level 15 in Bows
  7930 | D:6      | Reached XP level 9. HP: 54/54 MP: 10/10
  8004 | D:6      | Found an opulent altar of Gozag.
  8674 | D:7      | Received a gift from Okawaru
  8727 | D:7      | Found a staircase to the Ecumenical Temple.
  8743 | D:7      | Reached skill level 16 in Bows
  9068 | D:7      | Found a shattered altar of Ashenzari.
  9139 | D:7      | Found Ydoyre's Weapon Shoppe.
  9406 | D:7      | Reached skill level 17 in Bows
 10099 | D:8      | Reached XP level 10. HP: 60/60 MP: 11/11
 10421 | D:8      | Reached skill level 18 in Bows
 10444 | D:8      | Received a gift from Okawaru
 10451 | D:8      | Found a blossoming altar of Fedhas.
 10456 | D:8      | Noticed Joseph
 10464 | D:8      | Shot with a sling bullet by Joseph

Vault maps used:
D:1:      dpeg_arrival_refuge
D:2:      ecumenical_altar_2
D:3:      okawaru_ov_weapons_minmay, portal_sewer_entry_b, uniq_iyjb,
          uniq_robin, uniq_sigmund
D:4:      st_stairs_14
D:5:      first_bread
D:6:      yredelemnul_forgotten_temple_becter, old_standard_altar,
          kennysheep_small_spiral
D:7:      evilmike_ruin_ashenzari, temple_fountains, serial_shops, shop
D:8:      fedhas_altar_2, basic_altar, uniq_joseph

Action                   |  1- 3 |  4- 6 |  7- 9 | 10-12 || total
-------------------------+-------+-------+-------+-------++-------
Melee: Short sword       |   112 |    56 |    27 |       ||   195
 Fire: Shortbow          |    16 |   133 |   466 |    52 ||   667
Invok: Heroism           |       |       |     4 |       ||     4
  Use: Scroll            |     6 |       |     7 |       ||    13
       Potion            |       |     1 |     2 |       ||     3
 Stab: Sleeping          |     2 |       |     1 |       ||     3
       Distracted        |     1 |       |       |       ||     1
  Eat: Chunk             |     3 |     9 |     7 |       ||    19
       Pizza             |       |       |     1 |       ||     1
       Fruit             |       |       |     2 |     1 ||     3
       Bread ration      |       |       |     2 |       ||     2
